 Dungeon Crawl Stone Soup version 0.30-a0-830-gfe289a77b0 (webtiles) character file.

Game seed: 4610416000690456431

12132 Nacht the Destroyer (level 11, -6/68 HPs)
             Began as a Demonspawn Earth Elementalist on Feb 28, 2023.
             Was a Priest of Vehumet.
             Mangled by a minotaur (12 damage)
             ... in a Gauntlet.
             The game lasted 00:16:00 (12816 turns).

Nacht the Destroyer (DsEE)                         Turns: 12816, Time: 00:16:01

Health: -6/68      AC:  8    Str: 15    XL:     11   Next: 58%
Magic:  22/33      EV: 12    Int: 22    God:    Vehumet [***...]
Gold:   310        SH:  0    Dex: 13    Spells: 23/29 levels left

rFire   + . .      SeeInvis .    v - +5 trident of Slow Death {drain, +Blink rElec MP+9 Str+3}
rCold   . . .      Faith    .    (no shield)
rNeg    + . .      Spirit   .    C - +1 robe "Etaxaur" {rF+ rN+ Str+4 Stlth+}
rPois   .          Reflect  .    (no helmet)
rElec   +          Harm     .    (no cloak)
rCorr   .          Rampage  .    h - +0 pair of gloves
Will    .....      NoTele   +    q - +0 pair of boots
Stlth   +++                      (no amulet)
HPRegen 0.31/turn                (no ring)
MPRegen 0.23/turn                (no ring)

@: brilliant, invisible
A: hooves 2, yellow scales 2, spiny 1
a: Renounce Religion, Evoke Blink


You were in a Gauntlet.
You worshipped Vehumet.
Vehumet was most pleased with you.
You visited 3 branches of the dungeon, and saw 15 of its levels.
You also visited: Gauntlet.

You collected 780 gold pieces.
You spent 470 gold pieces at shops.

Inventory:

Hand Weapons
 v - the +5 trident of Slow Death (weapon) {drain, +Blink rElec MP+9 Str+3}
   (You found it on level 4 of the Dungeon)

   Str:       It affects your strength (+3).
   rElec:     It insulates you from electricity.
   MP:        It affects your magic capacity (+9).
   +Blink:    It lets you blink.
Missiles
 H - 2 throwing nets
Armour
 h - a +0 pair of gloves (worn)
 q - a +0 pair of boots (worn)
 C - the +1 robe "Etaxaur" (worn) {rF+ rN+ Str+4 Stlth+}
   (You found it on level 4 of the Dungeon)

   Str:       It affects your strength (+4).
   rF:        It protects you from fire.
   rN:        It protects you from negative energy.
   Stlth:     It makes you more stealthy.
Jewellery
 e - the amulet "Aryin" {Spirit rPois SInv}
   (You found it in a Gauntlet)

   [amulet of guardian spirit]

   It causes incoming damage to be divided between your reserves of health and
   magic.
   rPois:     It protects you from poison.
   SInv:      It lets you see invisible.
 y - the amulet "Ihyetami" {Spirit rF+ Slay+3}
   (You found it in a Gauntlet)

   [amulet of guardian spirit]

   It causes incoming damage to be divided between your reserves of health and
   magic.
   Slay:      It affects your accuracy & damage with ranged weapons and melee
   (+3).
   rF:        It protects you from fire.
Wands
 A - a wand of roots (22)
 I - a wand of charming (8)
 J - a wand of flame (9)
Scrolls
 f - 6 scrolls of fear {unknown}
 g - 5 scrolls of enchant weapon {unknown}
 i - a scroll of enchant armour
 j - 9 scrolls of teleportation {unknown}
 k - a scroll of torment
 l - 5 scrolls of amnesia {unknown}
 n - 2 scrolls of fog {unknown}
 o - 5 scrolls of vulnerability {unknown}
 p - a scroll of acquirement {unknown}
 r - 2 scrolls of blinking {unknown}
 u - 4 scrolls of poison
 x - 2 scrolls of brand weapon {unknown}
 z - 3 scrolls of immolation
 G - a scroll of magic mapping
 M - a scroll of silence {unknown}
Potions
 a - a potion of ambrosia
 b - 3 potions of magic
 c - 8 potions of curing
 m - 3 potions of resistance
 s - a potion of heal wounds
 t - a potion of cancellation
 w - 3 potions of lignification
 D - 3 potions of attraction
 E - 2 potions of might
 F - a potion of berserk rage
 L - a potion of mutation


   Skills:
 - Level 1.7 Dodging
 - Level 1.7 Stealth
 + Level 9.8 Spellcasting
 + Level 11.0 Conjurations
 - Level 0.8 Transmutations
 + Level 10.5 Earth Magic


You had 23 spell levels left.
You knew the following spells:

 Your Spells              Type           Power      Damage    Failure   Level
a - Sandblast             Erth           100%       2d20      1%          1
b - Stone Arrow           Conj/Erth      100%       3d13      1%          3
w - Passwall              Tmut/Erth      43%        N/A       1%          2

Your spell library contained the following spells:

 Spells                   Type           Power      Damage    Failure   Level
 Kindle Blastsparks       Fire/Tloc/Air  32%        2d12      5%          3
 Mephitic Cloud           Conj/Pois/Air  40%        N/A       1%          3
 Flame Wave               Conj/Fire      51%        2d13      1%          4
 Poisonous Vapours        Pois/Air       32%        N/A       2%          2
 Scorch                   Fire           32%        2d6       2%          2
 Sting                    Tmut/Pois      76%        1d6       5%          1
 Petrify                  Tmut/Erth      52%        N/A       6%          4
 Cigotuvi's Dreadful Rot  Necr/Pois/Air  32%        N/A       10%         2
 Ensorcelled Hibernation  Hex/Ice        32%        N/A       10%         2
 Olgreb's Toxic Radiance  Pois           16%        N/A       16%         4
 Swiftness                Air            16%        N/A       19%         3
 Summon Cactus Giant      Summ           8%         N/A       100%        6


Dungeon Overview and Level Annotations

Branches:
Dungeon (13/15)            Temple (1/1) D:6            Lair (1/5) D:10
    Orc (0/2) D:10        Gauntlet (1/1)
 Vaults: D:13-14

Altars:
Ashenzari
Cheibriados
Dithmenos
Fedhas
Gozag
Hepliaklqana
Kikubaaqudgha
Makhleb
Nemelex Xobeh
Okawaru
Qazlal
Ru
Sif Muna
Trog
Uskayaw
Vehumet
Wu Jian
Xom
Yredelemnul

Shops:
D:1 *=((*   D:3 *[   D:7 !*[[   D:11 *((?

Annotations:
D:11 sirJeffrey23's ghost, journeyman DsFi
D:12 3 runed translucent doors Gauntlet 6 transporters


Innate Abilities, Weirdness & Mutations

You have hoof-like feet.
You are mostly covered in yellow scales. (AC +3)
You are partially covered in sharp spines.


Message History

The minotaur hits you! The minotaur gores you.
Casting: Stone Arrow (safe; 1% risk of failure)
Confirm with . or Enter, or press ? or * to list all spells.
Aiming: Stone Arrow (safe; 1% risk of failure)
Press: ? - help, Shift-Dir - straight line, f/p - minotaur
Aim: a minotaur, wearing a +1 chain mail of poison resistance, wearing an amulet of magic regeneration and quivering javelins (lightly wounded, unable to see you, 87% to hit)
You feel a surge of power!
The stone arrow hits the minotaur!
The minotaur is moderately wounded.
The minotaur hits you but does no damage.
The minotaur gores you.
Casting: Stone Arrow (safe; 1% risk of failure)
Confirm with . or Enter, or press ? or * to list all spells.
Aiming: Stone Arrow (safe; 1% risk of failure)
Press: ? - help, Shift-Dir - straight line, f/p - minotaur
Aim: a minotaur, wearing a +1 chain mail of poison resistance, wearing an amulet of magic regeneration and quivering javelins (moderately wounded, unable to see you, 87% to hit)
You feel a surge of power!
The stone arrow hits the minotaur!
The minotaur is heavily wounded.
The minotaur hits you!!
* * * LOW HITPOINT WARNING * * *
The minotaur barely misses you.
Casting: Stone Arrow (safe; 1% risk of failure)
Confirm with . or Enter, or press ? or * to list all spells.
Aiming: Stone Arrow (safe; 1% risk of failure)
Press: ? - help, Shift-Dir - straight line, f/p - minotaur
Aim: a minotaur, wearing a +1 chain mail of poison resistance, wearing an amulet of magic regeneration and quivering javelins (heavily wounded, unable to see you, 87% to hit)
You feel a surge of power!
The stone arrow hits the minotaur!
The minotaur is severely wounded.
The minotaur hits you!
* * * LOW HITPOINT WARNING * * *
The minotaur gores you.
* * * LOW HITPOINT WARNING * * *
Casting: Stone Arrow (safe; 1% risk of failure)
Confirm with . or Enter, or press ? or * to list all spells.
Aiming: Stone Arrow (safe; 1% risk of failure)
Press: ? - help, Shift-Dir - straight line, f/p - minotaur
Aim: a minotaur, wearing a +1 chain mail of poison resistance, wearing an amulet of magic regeneration and quivering javelins (severely wounded, unable to see you, 87% to hit)
You feel a surge of power!
The stone arrow hits the minotaur!
The minotaur is severely wounded.
The minotaur hits you!
You die...

##......#####
.............#
.............#
##.##.##.##.##
# ##.##.##.##
..........#
#.##.##.###
##.##.##.###
......H@...#
#.#'###.##.#
#.# .# ... #
#.## #. .. .#


You could see a minotaur (unable to see you).

Vanquished Creatures
  2 two-headed ogres
  A boulder beetle (D:11)
  A fire crab (Gauntlet)
  2 manticores
  An ugly thing (D:12)
  An ice statue (Gauntlet)
  A komodo dragon (D:12)
  2 rime drakes (Gauntlet)
  2 trolls
  A hornet (D:9)
  3 slime creatures (D:13)
  A wyvern (Lair:1)
  Grum (D:8)
  3 fire bats (Gauntlet)
  5 vampire mosquitoes
  A hell hound (Gauntlet)
  A water moccasin (D:5)
  A swamp drake (D:10)
  3 black bears
  9 orc warriors
  3 ice beasts
  A sky beast (D:7)
  2 wolves (D:8)
  An ogre (D:5)
  13 centaurs
  A kobold brigand (D:9)
  2 bullfrogs
  3 scorpions
  A gnoll sergeant (D:10)
  2 necrophages
  8 wights
  A howler monkey (D:10)
  6 orc priests
  A hound (D:6)
  2 jellies
  7 orc wizards
  6 iguanas
  A mummy (D:13)
  3 adders
  3 gnolls (D:10)
  4 shadow imps
  3 dart slugs
  56 orcs
  7 ball pythons
  4 endoplasms
  4 giant cockroaches
  2 goblins
  7 hobgoblins
  7 kobolds
  A quokka (D:1)
  4 bats
  A frilled lizard (D:3)
  4 rats
213 creatures vanquished.

Vanquished Creatures (collateral kills)
  3 fire bats (Gauntlet)
3 creatures vanquished.

Vanquished Creatures (others)
  A plant (D:11)
1 creature vanquished.

Grand Total: 217 creatures vanquished

Notes
Turn   | Place    | Note
-------+----------+-------------------------------------------
     0 | D:1      | Nacht the Demonspawn Earth Elementalist began the quest for
                  | the Orb.
     0 | D:1      | Reached XP level 1. HP: 13/13 MP: 3/3
    40 | D:1      | Found a faded altar of an unknown god.
   135 | D:1      | Found Dutzahuy's Jewellery Boutique.
   136 | D:1      | Found Xorgholi's General Store.
   256 | D:1      | Gained mutation: You are partially covered in yellow
                  | scales. (AC +2) [demonic ancestry]
   256 | D:1      | Reached XP level 2. HP: 19/19 MP: 3/5
   273 | D:1      | Found Becsafol's Antique Weapon Emporium.
   459 | D:1      | Found Ruecih's Weapon Boutique.
   843 | D:1      | Found Jackoaq's Assorted Antiques.
  1012 | D:2      | Reached XP level 3. HP: 24/24 MP: 4/6
  1604 | D:2      | Learned a level 2 spell: Passwall
  1608 | D:2      | Learned a level 3 spell: Stone Arrow
  1668 | D:3      | Found Nef Ciu's Armour Boutique.
  1795 | D:3      | Found a shimmering blue altar of Sif Muna.
  1949 | D:3      | Found Kuitrexio's General Store.
  2016 | D:3      | Reached skill level 1 in Conjurations
  2477 | D:4      | Gained mutation: You have large cloven feet. [demonic
                  | ancestry]
  2477 | D:4      | Reached XP level 4. HP: 15/30 MP: 0/7
  2599 | D:4      | Reached skill level 2 in Conjurations
  2740 | D:4      | Reached XP level 5. HP: 35/35 MP: 1/8
  2818 | D:4      | Identified the +1 robe "Etaxaur" {rF+ rN+ Str+4 Stlth+}
  3010 | D:4      | Found a burning altar of Makhleb.
  3017 | D:4      | Found a shimmering altar of Xom.
  3021 | D:4      | Found a snail-covered altar of Cheibriados.
  3146 | D:4      | Identified the +5 trident of Slow Death {drain, +Blink
                  | rElec MP+9 Str+3}
  3220 | D:5      | Entered Level 5 of the Dungeon
  3360 | D:5      | Noticed a water moccasin
  3366 | D:5      | Killed a water moccasin
  3367 | D:5      | Reached skill level 3 in Conjurations
  3367 | D:5      | Gained mutation: You have hoof-like feet. [demonic
                  | ancestry]
  3367 | D:5      | Reached XP level 6. HP: 34/41 MP: 10/10
  3649 | D:5      | Noticed an ice beast
  3655 | D:5      | Killed an ice beast
  3656 | D:5      | Reached skill level 4 in Conjurations
  3656 | D:5      | Reached skill level 5 in Earth Magic
  3808 | D:5      | Found a sparkling altar of Nemelex Xobeh.
  3819 | D:5      | Found a blossoming altar of Fedhas.
  3837 | D:5      | Reached XP level 7. HP: 17/46 MP: 12/12
  4125 | D:5      | Reached skill level 5 in Conjurations
  4675 | D:5      | Reached XP level 8. HP: 52/52 MP: 14/14
  5102 | D:6      | Reached skill level 5 in Spellcasting
  5102 | D:6      | Reached skill level 6 in Conjurations
  5380 | D:6      | Found a staircase to the Ecumenical Temple.
  5390 | Temple   | Entered the Ecumenical Temple
  5457 | Temple   | Became a worshipper of Vehumet
  6078 | D:7      | Found Hadad-Baal's Dragon-Slaying Spoils.
  6496 | D:7      | Reached skill level 7 in Conjurations
  6496 | D:7      | Gained mutation: You are mostly covered in yellow scales.
                  | (AC +3) [demonic ancestry]
  6496 | D:7      | Reached XP level 9. HP: 57/57 MP: 17/17
  6744 | D:7      | Found Plog's Distillery.
  6821 | D:7      | Found Uvvuirubi's Assorted Antiques.
  6824 | D:7      | Bought a scroll labelled IDIASSAEXT for 22 gold pieces
  6824 | D:7      | Bought a scroll labelled IDIASSAEXT for 22 gold pieces
  6824 | D:7      | Bought a scroll labelled EDGHEE HYPSYOXT for 22 gold pieces
  6824 | D:7      | Bought a scroll of identify for 44 gold pieces
  6824 | D:7      | Bought a scroll of identify for 44 gold pieces
  6874 | D:7      | Found Betteloy's Antique Armour Shoppe.
  6878 | D:7      | Bought an ichor-stained robe for 148 gold pieces
  6878 | D:7      | Identified the +1 robe of Dadduy {Harm Dex+2 Slay+3 Stlth-}
                  | (You bought it in a shop on level 7 of the Dungeon)
  6977 | D:8      | Noticed Grum
  6988 | D:8      | Killed Grum
  7524 | D:8      | Found a hide-covered altar of Uskayaw.
  8131 | D:9      | HP: 2/57 [orc/+0 dagger (4)]
  8136 | D:9      | Reached * piety under Vehumet
  8136 | D:9      | Offered knowledge of Foxfire by Vehumet.
  8339 | D:9      | Reached skill level 8 in Conjurations
  8562 | D:9      | Found an ornate altar of the Wu Jian Council.
  8971 | D:10     | Entered Level 10 of the Dungeon
  9173 | D:10     | Noticed a troll
  9175 | D:10     | Killed a troll
  9675 | D:10     | Gained mutation: You are partially covered in sharp spines.
                  | [demonic ancestry]
  9675 | D:10     | Reached XP level 10. HP: 57/63 MP: 10/21
  9712 | D:10     | Offered knowledge of Static Discharge by Vehumet.
  9785 | D:10     | Reached ** piety under Vehumet
 10126 | D:10     | Found a staircase to the Lair.
 10209 | D:10     | Found a staircase to the Orcish Mines.
 10372 | D:10     | Reached skill level 9 in Conjurations
 10624 | Lair:1   | Entered Level 1 of the Lair of Beasts
 10744 | D:11     | Found Iggerue's Antique Weapon Shop.
 10748 | D:11     | Offered knowledge of Dazzling Flash by Vehumet.
 10853 | D:11     | Found Wuuwaph's Magic Scroll Shop.
 10873 | D:11     | Found Faliemmo's Weapon Boutique.
 10896 | D:11     | Bought a scroll of identify for 28 gold pieces
 10896 | D:11     | Bought a scroll of identify for 28 gold pieces
 10896 | D:11     | Bought 2 scrolls of identify for 56 gold pieces
 10896 | D:11     | Bought a scroll of identify for 28 gold pieces
 10896 | D:11     | Bought a scroll of identify for 28 gold pieces
 10907 | D:11     | Noticed a boulder beetle
 10914 | D:11     | Killed a boulder beetle
 11006 | D:11     | Noticed a two-headed ogre
 11010 | D:11     | Killed a two-headed ogre
 11033 | D:11     | Found Laidood's Assorted Antiques.
 11164 | D:11     | Noticed a manticore
 11167 | D:11     | Killed a manticore
 11208 | D:11     | Noticed sirJeffrey23's ghost (journeyman DsFi)
 11209 | D:11     | Noticed a lich
 11211 | D:11     | Noticed a necromancer
 11235 | D:11     | Noticed a death drake
 11294 | D:11     | Reached *** piety under Vehumet
 11458 | D:11     | You fall into a shaft and drop 2 floors!
 11468 | D:13     | Reached skill level 10 in Conjurations
 11560 | D:13     | Reached XP level 11. HP: 68/68 MP: 23/23
 11661 | D:13     | Found a snail-covered altar of Cheibriados.
 11776 | D:12     | Noticed a purple ugly thing
 11780 | D:12     | Killed a purple ugly thing
 11857 | D:12     | Noticed a two-headed ogre
 11861 | D:12     | Killed a two-headed ogre
 11861 | D:12     | Offered knowledge of Kindle Blastsparks by Vehumet.
 11862 | D:12     | Reached skill level 10 in Earth Magic
 11916 | D:12     | Found a runed translucent gate.
 11916 | D:12     | Found a runed translucent gate.
 11917 | D:12     | Found a runed translucent gate.
 11919 | D:12     | Noticed a skeletal warrior
 11920 | D:12     | Noticed a cyan ugly thing
 12029 | D:12     | Found a gate leading to a gauntlet.
 12041 | Gauntlet | Entered a Gauntlet
 12041 | Gauntlet | Found a transporter.
 12041 | Gauntlet | Found a transporter.
 12041 | Gauntlet | Found a transporter.
 12042 | Gauntlet | Noticed a death scarab
 12054 | Gauntlet | Found a transporter.
 12054 | Gauntlet | Found a transporter.
 12056 | Gauntlet | Noticed a tengu warrior
 12062 | Gauntlet | Found a transporter.
 12065 | Gauntlet | Found a transporter.
 12074 | Gauntlet | Noticed a fire crab
 12075 | Gauntlet | Found a transporter.
 12093 | Gauntlet | Found a transporter.
 12098 | Gauntlet | Noticed a purple ugly thing
 12099 | Gauntlet | Noticed a green ugly thing
 12101 | Gauntlet | Found a transporter.
 12101 | Gauntlet | Found a transporter.
 12103 | Gauntlet | Noticed a glowing orange brain
 12108 | Gauntlet | Noticed a fire crab
 12112 | Gauntlet | Found a transporter.
 12608 | Gauntlet | Identified the amulet "Aryin" {Spirit rPois SInv}
 12621 | Gauntlet | Identified the amulet "Ihyetami" {Spirit rF+ Slay+3}
 12641 | Gauntlet | Killed a fire crab
 12674 | Gauntlet | Reached skill level 11 in Conjurations
 12807 | Gauntlet | Noticed a minotaur
 12816 | Gauntlet | Mangled by a minotaur

Illustrated notes

Levels and vault maps discovered:
D:1:      eino_arrival_water_star, layout_loops_cross,
          nicolae_ecumenical_snake_handling, serial_shops, nicolae_diamond_shop,
          nicolae_shop_waterfront, shop, shop,
          nicolae_shop_bloodbath_and_beyond, minmay_three_crescents
D:2:      layout_rooms
D:3:      layout_loops_ring, mainiacjoe_overflow_catwalk, serial_shops,
          nicolae_shop_behind_doors, nicolae_diamond_shop
D:4:      layout_basic, minitemple
D:5:      layout_loops_corners, chequers_temple_overflow_statue_of_worship
D:6:      layout_cave_pools, temple_hall
D:7:      layout_basic, serial_shops, kennysheep_mini_moat, kennysheep_mini,
          nicolae_diamond_shop, nicolae_shop_dragon_depot
D:8:      layout_basic, mainiacjoe_overflow_boulevard,
          mainiacjoe_overflow_brackets, uniq_grum
D:9:      layout_irregular_city, lemuel_round_altar
D:10:     layout_basic, lair_entry_dummy, erik_orc_1, special_room
          [special_room_orc]
D:11:     layout_roguey, serial_shops, shop, shop, nicolae_shop_statue_plus,
          nicolae_shop_stone, muffindrake_ghost_dual_entry, hex_medium,
          serial_bayou_crossing
D:12:     layout_roguey, maelrawn_ghost_gauntlet_escape, gauntlet_entry_generic,
          nicolae_looking_at_the_future
D:13:     layout_roguey, erik_vaults_2, slow_altar_1, uniq_erolcha
Temple:   nicolae_temple_god_jail
Lair:1:   layout_cave_pods, grunt_megastairs_2, uniq_gastronok
Gauntlet: minmay_gauntlet_mixed_big_or_small [nicolae_gauntlet_arena_blocks,
          minmay_gauntlet_arena_77_chump_sandwich, nicolae_gauntlet_arena_x,
          minmay_gauntlet_arena_77_broken_ladder,
          gammafunk_gauntlet_arena_crates, minmay_gauntlet_arena_77_box,
          gauntlet_exit_green]

Skill      XL: |  1  2  3  4  5  6  7  8  9 10 11 |
---------------+----------------------------------+-----
Earth Magic    | 3 4 5 7 8 9 10 | 10.5
Conjurations   | 1 2 3 4 5 7 8 10 11 | 11.0
Spellcasting   | 3 4 5 7 8 9 |  9.8
Dodging        | |  1.7
Stealth        | |  1.7
Transmutations | |  0.8

Action                     |  1- 3 |  4- 6 |  7- 9 | 10-12 || total
---------------------------+-------+-------+-------+-------++-------
  Melee: Unarmed           |    21 |     6 |       |       ||    27
         Trident           |       |     4 |     1 |    12 ||    17
   Cast: Sandblast         |    72 |    42 |    25 |    30 ||   169
         Stone Arrow       |       |     2 |   128 |   128 ||   258
    Use: Potion            |       |     2 |     1 |     7 ||    10
         Scroll            |       |       |    10 |    10 ||    20
 Armour: Robe              |     6 |    13 |    16 |    25 ||    60
  Dodge: Dodged            |    39 |    21 |    32 |    29 ||   121

Table legend: (Time is in decaauts)
 A = Elapsed time spent in this place.
 B = Non-inter-level travel time spent in this place.
 C = Inter-level travel time spent in this place.
 D = Time resting spent in this place.
 E = Time spent auto-exploring this place.
 F = Levels seen in this place.
 G = Mean time per level.
                   A        B        C        D        E       F      G
               +--------+--------+--------+--------+--------+-----+--------+
         Total |  12892 |  12383 |    509 |    157 |  10666 |  16 |  805.8 |
       Dungeon |  12001 |  11525 |    476 |     57 |  10084 |  13 |  923.2 |
        Temple |     80 |     68 |     12 |      0 |     51 |   1 |   80.0 |
          Lair |     54 |     33 |     21 |      0 |     27 |   1 |   54.0 |
      Gauntlet |    755 |    755 |      0 |    100 |    503 |   1 |  755.0 |
               +--------+--------+--------+--------+--------+-----+--------+

Top non-repeatable levels by time:
    D:10: 1735 daAuts
     D:5: 1527 daAuts
     D:7: 1274 daAuts
     D:9: 1133 daAuts
     D:8: 915 daAuts
     D:1: 909 daAuts
     D:4: 849 daAuts
     D:3: 847 daAuts
     D:6: 757 daAuts
Gauntlet: 755 daAuts
     D:2: 746 daAuts
    D:11: 720 daAuts
    D:12: 369 daAuts
    D:13: 212 daAuts
  Temple: 80 daAuts
